 Dungeon Crawl Stone Soup version 0.29.1-13-g9f3cf754e1 (webtiles) character file.

Game seed: 532438101698301684

348 Heoruswealwe the Grave Robber (level 6, -12/32 HPs)
             Began as a Deep Elf Necromancer on Feb 8, 2023.
             Mangled by a wandering mushroom (15 damage)
             ... created by the enmity of Fedhas Madash
             ... in a sewer.
             The game lasted 00:52:59 (3222 turns).

Heoruswealwe the Grave Robber (DENe)                Turns: 3222, Time: 00:53:00

Health: -12/32     AC:  6    Str:  5    XL:     6   Next: 33%
Magic:  1/17       EV: 12    Int: 22    God:
Gold:   974        SH:  0    Dex: 15    Spells: 13/18 levels left

rFire   . . .      SeeInvis .   H - staff of death
rCold   . . .      Faith    .   (no shield)
rNeg    + . .      Spirit   .   f - +0 robe
rPois   +          Reflect  .   (no helmet)
rElec   .          Harm     .   b - +2 cloak {rPois}
rCorr   .          Rampage  .   (no gloves)
Will    .....                   w - +0 pair of boots
Stlth   ++........              (no amulet)
HPRegen 0.10/turn               (no ring)
MPRegen 0.15/turn               (no ring)

@: no status effects
A: no striking features
a: no special abilities


You were in a sewer.
You visited 1 branch of the dungeon, and saw 4 of its levels.
You also visited: Sewer.

You collected 974 gold pieces.

Inventory:

Hand Weapons
 a - a +0 arbalest
 d - a +0 whip
 g - a +0 dagger
Armour
 b - a +2 cloak of poison resistance (worn)
 f - a +0 robe (worn)
 t - a +0 cloak
 w - a +0 pair of boots (worn)
 I - a +0 buckler
Magical Staves
 H - a staff of death (weapon)
Wands
 N - a wand of quicksilver (2)
Scrolls
 c - a scroll of noise
 e - 2 scrolls of butterflies
 s - a scroll of teleportation
 x - 3 scrolls of enchant weapon
 z - a scroll of poison {unknown}
 R - a scroll of torment {unknown}
Potions
 h - a potion of mutation {unknown}
 o - 2 potions of brilliance {unknown}
 q - 2 potions of curing {unknown}
 A - a potion of heal wounds {unknown}


   Skills:
 + Level 0.1 Fighting
 + Level 0.1 Staves
 + Level 2.6 Dodging
 + Level 3.0 Stealth
 + Level 6.7 Spellcasting
 + Level 6.9 Necromancy
 + Level 0.2 Evocations


You had 13 spell levels left.
You knew the following spells:

 Your Spells              Type           Power      Damage    Failure   Level
a - Necrotise             Necr           100%       1d9       1%          1
b - Vampiric Draining     Necr           55%        2d9       1%          3
c - Magic Dart            Conj           28%        1d4       9%          1

Your spell library contained the following spells:

 Spells                   Type           Power      Damage    Failure   Level
 Animate Dead             Necr           55%        N/A       4%          4
 Call Imp                 Summ           7%         N/A       13%         2
 Agony                    Necr           55%        N/A       14%         5
 Mephitic Cloud           Conj/Pois/Air  7%         N/A       26%         3


Dungeon Overview and Level Annotations

Branches:
Dungeon (4/15)             Temple (0/1) D:4           Sewer (1/1)

Altars:
Fedhas
Nemelex Xobeh

Annotations:
Sewer exclusion: 2 oklob plants


Message History

Casting: Necrotise (safe; 1% risk of failure)
Confirm with . or Enter, or press ? or * to list all spells.
Aiming: Necrotise (safe; 1% risk of failure)
Press: ? - help, Shift-Dir - straight line, f/p - wandering mushroom
Aim: a wandering mushroom (lightly damaged, durably summoned, chance to affect: 70%)
You feel a surge of power!
The wandering mushroom writhes in agony!
Casting: Necrotise (safe; 1% risk of failure)
Confirm with . or Enter, or press ? or * to list all spells.
Aiming: Necrotise (safe; 1% risk of failure)
Press: ? - help, Shift-Dir - straight line, f/p - wandering mushroom
Aim: a wandering mushroom (moderately damaged, durably summoned, chance to affect: 70%)
You feel a surge of power!
The wandering mushroom writhes in agony!
Casting: Necrotise (safe; 1% risk of failure)
Confirm with . or Enter, or press ? or * to list all spells.
Aiming: Necrotise (safe; 1% risk of failure)
Press: ? - help, Shift-Dir - straight line, f/p - wandering mushroom
Aim: a wandering mushroom (heavily damaged, durably summoned, chance to affect: 70%)
You feel a surge of power!
The wandering mushroom struggles to resist.
Casting: Necrotise (safe; 1% risk of failure)
Confirm with . or Enter, or press ? or * to list all spells.
Aiming: Necrotise (safe; 1% risk of failure)
Press: ? - help, Shift-Dir - straight line, f/p - wandering mushroom
Aim: a wandering mushroom (heavily damaged, durably summoned, chance to affect: 70%)
You feel a surge of power!
The wandering mushroom writhes in agony.
Casting: Necrotise (safe; 1% risk of failure)
Confirm with . or Enter, or press ? or * to list all spells.
Aiming: Necrotise (safe; 1% risk of failure)
Press: ? - help, Shift-Dir - straight line, f/p - wandering mushroom
Aim: a wandering mushroom (heavily damaged, durably summoned, chance to affect: 70%)
You feel a surge of power!
The wandering mushroom struggles to resist.
Really walk into a travel-excluded area?
Uppercase [Y]es or [N]o only, please.
Really walk into a travel-excluded area?
The wandering mushroom releases spores at you!
You die...

#..# ####..#
#~###.## #~##...#
### #~##...# ..~.##
##~#....# ~~~...###
#.~.....# #.....###
#.~.....#
###.P...###@~.....#
##~~.~~ff~†######
#...~.###.~.....#
#..~~P### #†~...∩.#
~.~~.### #.~.#.∩.#
....## ##~##...#
#### #~###### #~#
###


You could see an oklob plant (unaware) and 2 wandering mushrooms.

Vanquished Creatures
  A phantom (D:4)
  A bullfrog (D:4)
  Crazy Yiuf (D:3)
  An iguana (D:4)
  Ijyb (D:3)
  3 adders
  3 river rats (D:4)
  2 worms
  A dart slug (D:1)
  An orc (D:3)
  10 ball pythons
  6 bats
  3 endoplasms
  4 giant cockroaches
  3 goblins
  3 hobgoblins
  4 jackals
  4 quokkas
  4 kobolds
  3 rats
59 creatures vanquished.

Vanquished Creatures (collateral kills)
  A dart slug (D:3)
  A ball python (D:3)
  An endoplasm (D:3)
  2 jackals
5 creatures vanquished.

Vanquished Creatures (others)
  A ballistomycete spore (D:3)
  3 fungi (D:3)
4 creatures vanquished.

Grand Total: 68 creatures vanquished

Notes
Turn   | Place    | Note
-------+----------+-------------------------------------------
     0 | D:1      | Heoruswealwe the Deep Elf Necromancer began the quest for
                  | the Orb.
     0 | D:1      | Reached XP level 1. HP: 10/10 MP: 6/6
   234 | D:1      | Reached skill level 5 in Necromancy
   304 | D:1      | Reached XP level 2. HP: 15/15 MP: 6/8
   689 | D:2      | Found a faded altar of an unknown god.
   692 | D:2      | Prayed at the altar of an unknown god.
   692 | D:2      | Became a worshipper of Fedhas Madash
   692 | D:2      | Reached * piety under Fedhas
   694 | D:2      | Fell from the grace of Fedhas
   925 | D:2      | Reached XP level 3. HP: 19/19 MP: 7/10
  1062 | D:2      | Learned a level 3 spell: Vampiric Draining
  1549 | D:2      | Identified 3 scrolls of acquirement
  1549 | D:2      | Acquired a staff of death
  1556 | D:2      | Acquired a book of Minor Magic
  1562 | D:2      | Learned a level 1 spell: Magic Dart
  1562 | D:2      | Acquired 837 gold pieces
  1639 | D:3      | Found a sparkling altar of Nemelex Xobeh.
  1931 | D:3      | Reached XP level 4. HP: 15/24 MP: 8/12
  2056 | D:3      | Noticed Ijyb
  2062 | D:3      | Killed Ijyb
  2063 | D:3      | Reached skill level 5 in Spellcasting
  2457 | D:3      | Found a runed translucent door.
  2459 | D:3      | Noticed Crazy Yiuf
  2467 | D:3      | Killed Crazy Yiuf
  2468 | D:3      | Reached XP level 5. HP: 22/28 MP: 8/15
  3004 | D:4      | Noticed a phantom
  3011 | D:4      | Killed a phantom
  3016 | D:4      | Reached XP level 6. HP: 32/32 MP: 6/17
  3137 | D:4      | Found a glowing drain.
  3146 | Sewer    | Entered a sewer
  3199 | Sewer    | Noticed a wandering mushroom
  3199 | Sewer    | Noticed a wandering mushroom
  3199 | Sewer    | Noticed an oklob plant
  3199 | Sewer    | Noticed an oklob plant
  3222 | Sewer    | Mangled by a wandering mushroom

Illustrated notes

Levels and vault maps discovered:
D:1:      nicolae_arrival_washed_ashore, layout_basic
D:2:      layout_loops_cross, basic_ecumenical_altar, kennysheep_generic_room_9
D:3:      minmay_angry_zag, layout_loops_ring, nemelex_diamond_rough_becter,
          uniq_crazy_yiuf_cottage, uniq_ijyb
D:4:      layout_cave_pods, minmay_temple_entry_statues_fountains,
          portal_sewer_entry_b, minmay_shop_grid_forest, uniq_natasha
Sewer:    sewer_the_moccasin

Skill      XL: |  1  2  3  4  5 |
---------------+----------------+-----
Necromancy     | 5 6 |  6.9
Spellcasting   | 4 5 6 |  6.7
Stealth        | 3 |  3.0
Fighting       | |  0.1
Staves         | |  0.1
Dodging        | |  2.6
Evocations     | |  0.2

Action                   |  1- 3 |  4- 6 || total
-------------------------+-------+-------++-------
Melee: Dagger            |     1 |       ||     1
       Staff             |       |    26 ||    26
 Cast: Necrotise         |    60 |    29 ||    89
       Vampiric Draining |     6 |    20 ||    26
       Magic Dart        |       |     3 ||     3
Invok: Renounce Religion |     1 |       ||     1
Evoke: Wand              |       |     3 ||     3
  Use: Scroll            |     6 |     3 ||     9
       Potion            |     1 |       ||     1
Armor: Robe              |     6 |     6 ||    12
Dodge: Dodged            |    19 |    17 ||    36
